 Dungeon Crawl Stone Soup version 0.30-a0-782-ge64f9170bb (webtiles) character file.

Game seed: 13052022761038711492

112 theswoord the Twirler (level 4, -16/33 HPs)
             Began as a Demonspawn Gladiator on Mar 13, 2023.
             Killed by an exploding hobgoblin (22 damage)
             ... ignited by their inner flame
             ... on level 3 of the Dungeon.
             The game lasted 00:02:14 (2027 turns).

theswoord the Twirler (Demonspawn Gladiator)        Turns: 2027, Time: 00:02:15

Health: -16/33     AC: 14    Str: 17    XL:     4   Next: 64%
Magic:  4/4        EV: 10    Int:  9    God:
Gold:   132        SH:  0    Dex: 14    Spells: 3/3 levels left

rFire   . . .      SeeInvis .    a - +0 quarterstaff
rCold   . . .      Faith    .    (shield currently unavailable)
rNeg    . . .      Spirit   .    l - +0 scale mail
rPois   .          Reflect  .    c - +0 helmet
rElec   .          Harm     .    (no cloak)
rCorr   .          Rampage  .    f - +0 pair of gloves
Will    .....                    (no boots) Stlth
                                 (no amulet)
HPRegen 0.25/turn                p - +4 ring of protection
MPRegen 0.18/turn                (no ring)

@: no status effects
A: icy blue scales 1, foul stench 1, magic regeneration
a: no special abilities


You were on level 3 of the Dungeon.
You visited 1 branch of the dungeon, and saw 3 of its levels.

You collected 132 gold pieces.

Inventory:

Hand Weapons
 a - a +0 quarterstaff (weapon)
Missiles
 d - 2 throwing nets (quivered)
 e - a javelin
Armour
 b - a +0 leather armour
 c - a +0 helmet (worn)
 f - a +0 pair of gloves (worn)
 l - a +0 scale mail (worn)
Jewellery
 p - a +4 ring of protection (left hand)
 r - a ring of see invisible
Scrolls
 o - a scroll of amnesia
 s - a scroll of brand weapon {unknown}
Potions
 g - a potion of flight {unknown}
 h - 2 potions of invisibility
 i - 2 potions of haste
 j - 2 potions of heal wounds
 k - 3 potions of curing
 n - 2 potions of berserk rage
 q - a potion of mutation {unknown}


   Skills:
 - Level 2.0 Fighting
 + Level 5.0 Staves
 - Level 1.7 Throwing
 - Level 2.6 Dodging


You had 3 spell levels left.
You didn't know any spells.
Your spell library was empty.

Dungeon Overview and Level Annotations

Branches:
Dungeon (3/15)

Altars:


Innate Abilities, Weirdness & Mutations

You are partially covered in icy blue scales. (AC +2)
You may rarely emit foul miasma when damaged in melee.
You regenerate magic rapidly.


Message History

You hit the endoplasm.
You kill the endoplasm!
Your Staves skill increases to level 5!
You miss the frilled lizard. The frilled lizard bites you.
You closely miss the frilled lizard. The frilled lizard barely misses you.
You barely miss the frilled lizard.
The frilled lizard bites you but does no damage.
You completely miss the frilled lizard.
The frilled lizard bites you but does no damage.
You sock the frilled lizard!
You kill the frilled lizard!
No target in view!
No target in view!
s - a scroll labelled DICRAR IHOSEAP You now have 132 gold pieces (gained 11).
A rat and a hobgoblin come into view.
The hobgoblin shouts!
There are monsters nearby!
As you read the scroll labelled IPLICR OKYSCHE, it crumbles to dust.
The creatures around you are filled with an inner flame!
It was a scroll of immolation.
The rat barely misses you.
You hit the rat.
Flame seeps out of the rat.
The rat is engulfed in blazing flames.
The rat explodes!
The fiery explosion engulfs you!!
Ouch! That really hurt!
* * * LOW HITPOINT WARNING * * *
Throw: 3 throwing nets
Aim: a hobgoblin (inner flame, 59% to hit)
You throw a throwing net. The throwing net hits the hobgoblin.
The hobgoblin is caught in the net!
The hobgoblin struggles against the net.
The hobgoblin struggles against the net.
You barely miss the hobgoblin.
The hobgoblin struggles against the net.
You sock the hobgoblin!
The hobgoblin explodes!
The fiery explosion engulfs you!!
Ouch! That really hurt!
You die...

#.#
#####..####.#
#.#
#...........#
#.#
#.###..####.
#.####.# #..#
#...##.# #..#
###.##.#
#......
#.##.#
##.#..#
#.##.# ....#
#.##@###
##..#
#......# #...
####.#.## #.#
#
#....###.##.#
#...........#
##.†.###.##.#
##.## #.# #
#.# #.##.#
#.# #....#


There were no monsters in sight!

Vanquished Creatures
  Terence (D:2)
  2 adders
  A worm (D:3)
  4 dart slugs
  A bat (D:2)
  9 endoplasms
  2 giant cockroaches (D:1)
  2 goblins
  4 hobgoblins
  8 jackals
  6 quokkas
  4 ball pythons
  3 frilled lizards
  A kobold (D:1)
  6 rats
54 creatures vanquished.

Notes
Turn   | Place    | Note
-------+----------+-------------------------------------------
     0 | D:1      | theswoord the Demonspawn Gladiator began the quest for the
                  | Orb.
     0 | D:1      | Reached XP level 1. HP: 16/16 MP: 1/1
   153 | D:1      | Reached skill level 3 in Staves
   173 | D:1      | Gained mutation: You regenerate magic rapidly. [demonic
                  | ancestry]
   173 | D:1      | Reached XP level 2. HP: 22/22 MP: 2/2
   843 | D:2      | Noticed Terence
   852 | D:2      | Killed Terence
   853 | D:2      | Reached skill level 4 in Staves
   853 | D:2      | Gained mutation: You may rarely emit foul miasma when
                  | damaged in melee. [demonic ancestry]
   853 | D:2      | Reached XP level 3. HP: 27/27 MP: 3/3
  1217 | D:2      | Gained mutation: You are partially covered in icy blue
                  | scales. (AC +2) [demonic ancestry]
  1217 | D:2      | Reached XP level 4. HP: 30/33 MP: 4/4
  1949 | D:3      | Reached skill level 5 in Staves
  2027 | D:3      | Killed by an exploding hobgoblin... ignited by their inner
                  | flame

Skill      XL: |  1  2  3  4 |
---------------+-------------+-----
Staves         | 3 4 5 |  5.0
Fighting       | |  2.0
Throwing       | |  1.7
Dodging        | |  2.6

Action                     |  1- 3 |  4- 6 || total
---------------------------+-------+-------++-------
  Melee: Quarterstaff      |    87 |    69 ||   156
  Throw: Throwing net      |       |     1 ||     1
    Use: Scroll            |     5 |     6 ||    11
 Armour: Leather armour    |     5 |       ||     5
         Scale mail        |    32 |    32 ||    64
  Dodge: Dodged            |    68 |    30 ||    98

Levels and vault maps discovered:
D:1:      amcnicky_arrival_choice, layout_basic
D:2:      layout_loops_ring, uniq_terence
D:3:      layout_loops_ring, minmay_misc_feat_iff
